 Dungeon Crawl Stone Soup version 0.30-a0-965-g42e074c17a (webtiles) character file.

Game seed: 12037382009823206132

704 DeathPants the Slasher (level 7, -1/37 HPs)
             Began as a Vine Stalker Gladiator on Mar 30, 2023.
             Was an Initiate of Gozag.
             Slain by a killer bee (5 damage)
             ... on level 5 of the Dungeon.
             The game lasted 00:13:23 (4020 turns).

DeathPants the Slasher (Vine Stalker Gladiator)     Turns: 4020, Time: 00:13:23

Health: -1/37      AC:  7    Str: 17    XL:     7   Next: 67%
Magic:  0/12       EV: 11    Int: 10    God:    Gozag
Gold:   135        SH:  0    Dex: 15    Spells: 12/12 levels left

rFire   . . .      SeeInvis .    b - +2 short sword (venom)
rCold   + . .      Faith    .    (no shield)
rNeg    . . .      Spirit   +    f - +0 scale mail
rPois   .          Reflect  .    c - +0 helmet
rElec   .          Rampage  .    n - scarf {repulsion}
rCorr   .                        (no gloves)
Will    .....                    (no boots) Stlth
                                 (no amulet)
HPRegen 1.06/turn                g - ring of protection from cold
MPRegen 0.13/turn                (no ring)

@: lethally poisoned (-1 -> -9), about to teleport, repel missiles
A: fangs 2, regeneration 1, magic shield, antimagic bite, no potion heal 2
a: Renounce Religion, Potion Petition, Call Merchant, Bribe Branch


You were on level 5 of the Dungeon.
You worshipped Gozag.
Gozag was aware of your devotion.
You visited 2 branches of the dungeon, and saw 6 of its levels.
You also visited: Sewer.

You collected 196 gold pieces.
You paid 61 gold pieces to Gozag.

Inventory:

Hand Weapons
 a - a +0 long sword
 b - a +2 short sword of venom (weapon)
Missiles
 d - 2 throwing nets (quivered)
 e - 5 javelins
 l - 3 silver javelins
 o - 3 boomerangs
 r - 8 poisoned darts
Armour
 c - a +0 helmet (worn)
 f - a +0 scale mail (worn)
 j - a +0 leather armour
 n - a scarf of repulsion (worn)
Jewellery
 g - a ring of protection from cold (left hand)
Wands
 x - a wand of charming (6)
Scrolls
 h - 2 scrolls of magic mapping
 i - a scroll of teleportation
 v - a scroll of blinking
Potions
 k - 4 potions of mutation
 m - a potion of haste
 p - 2 potions of flight
 q - a potion of curing
 s - a potion of magic
 t - a potion of brilliance
 u - a potion of cancellation
 w - a potion of might
 z - 2 potions of berserk rage


   Skills:
 + Level 3.8 Fighting
 * Level 5.6 Long Blades
 - Level 1.7 Throwing
 + Level 3.6 Dodging
 + Level 3.1 Spellcasting


You had 12 spell levels left.
You didn't know any spells.
Your spell library contained the following spells:

 Spells                   Type           Power      Damage    Failure   Level
 Slow                     Hex            4%         N/A       71%         1
 Confusing Touch          Hex            1%         N/A       97%         3
 Dazzling Flash           Conj/Hex       2%         N/A       97%         3
 Vampiric Draining        Necr           1%         2d6       97%         3
 Iskenderun's Mystic Bla  Conj/Tloc      1%         2d3       100%        4
 Starburst                Conj/Fire      0%         6d3       100%        6


Dungeon Overview and Level Annotations

Branches:
Dungeon (5/15)             Temple (1/1) D:4           Sewer (visited)

Altars:
Ashenzari
Cheibriados
Dithmenos
Gozag
Kikubaaqudgha
Qazlal
Trog
Uskayaw
Vehumet
Wu Jian
Xom
Zin


Innate Abilities, Weirdness & Mutations

You have extremely sharp teeth.
Your natural rate of healing is unusually fast.
When hurt, damage is shared between your health and your magic reserves.
Your bite disrupts and absorbs the magic of your enemies.
Potions cannot restore your health.


Message History

The killer bee stings you.
A killer bee comes into view.
The killer bee barely misses you.
The killer bee stings you but does no damage.
There is an open door here.
The killer bee attacks as you move away!
The killer bee barely misses you.
The killer bee attacks as you move away!
The killer bee stings you.
You feel sick. The killer bee closely misses you.
You hit the killer bee.
The killer bee is poisoned.
Your bite misses the killer bee.
The killer bee is lightly wounded.
You feel sick. The killer bee closely misses you.
You feel sick.
The killer bee stings you but does no damage. x4
The killer bee misses you.
The killer bee stings you but does no damage.
The killer bee stings you!
The killer bee stings you but does no damage.
There is an open door, spattered with blood here.
The killer bee attacks as you move away!
The killer bee stings you.
* * * LOW HITPOINT WARNING * * *
You are more poisoned.
The killer bee poisons you!
You feel very sick. The killer bee stings you.
* * * LOW HITPOINT WARNING * * *
The killer bee stings you but does no damage. x3
The killer bee barely misses you.
As you read the scroll of teleportation, it crumbles to dust.
You feel strangely unstable.
You feel sick.
The killer bee stings you but does no damage.
The killer bee barely misses you. The killer bee completely misses you.
The killer bee stings you.
* * * LOW HITPOINT WARNING * * *
You are lethally poisoned!
The killer bee poisons you! The killer bee stings you!
You die...
Your body crumbles into a pile of gold.

....######.........
...................
...................
..........####.....
.........#..#)....
######......#..))....
#....#......#..#.....
#...y#y.....#..#.....
#...@yy.....#..#.....
##..y#......#..######
###+#......#...# +
#......#...# #
#......#..###### $
+##......##'#..<..
..................
#........................
#........................


You could see 5 killer bees.

Vanquished Creatures
  Pargi (D:4)
  A phantom (D:4)
  A bullfrog (D:4)
  A scorpion (D:4)
  2 iguanas
  2 orc wizards
  6 adders
  7 river rats
  A gnoll (D:1)
  A white imp (D:5)
  9 worms
  A dart slug (D:3)
  12 orcs
  7 endoplasms
  7 giant cockroaches
  6 goblins
  6 hobgoblins
  4 jackals
  18 kobolds
  3 quokkas
  8 ball pythons
  7 bats
  7 frilled lizards
  7 rats
125 creatures vanquished.

Vanquished Creatures (collateral kills)
  An iguana (D:4)
1 creature vanquished.

Vanquished Creatures (others)
  13 plants (Sewer)
13 creatures vanquished.

Grand Total: 139 creatures vanquished

Notes
Turn   | Place    | Note
-------+----------+-------------------------------------------
     0 | D:1      | DeathPants the Vine Stalker Gladiator began the quest for
                  | the Orb.
     0 | D:1      | Reached XP level 1. HP: 11/11 MP: 2/2
    85 | D:1      | Reached skill level 3 in Long Blades
   179 | D:1      | Reached XP level 2. HP: 9/15 MP: 3/3
   428 | D:1      | Reached XP level 3. HP: 17/18 MP: 2/4
  1001 | D:3      | Gained mutation: Your natural rate of healing is unusually
                  | fast. [Vine Stalker growth]
  1001 | D:3      | Reached XP level 4. HP: 23/23 MP: 5/5
  1097 | D:3      | Found a glowing drain.
  1126 | D:3      | Reached skill level 4 in Long Blades
  1143 | Sewer    | Entered a sewer
  1167 | Sewer    | Reached skill level 1 in Spellcasting
  1240 | Sewer    | Reached XP level 5. HP: 27/27 MP: 7/7
  3070 | D:4      | Reached XP level 6. HP: 32/32 MP: 9/9
  3247 | D:5      | Entered Level 5 of the Dungeon
  3283 | D:4      | Reached skill level 5 in Long Blades
  3357 | D:4      | Reached XP level 7. HP: 36/36 MP: 11/11
  3547 | D:4      | Noticed Pargi
  3563 | D:4      | Killed Pargi
  3697 | D:4      | Found a staircase to the Ecumenical Temple.
  3705 | Temple   | Entered the Ecumenical Temple
  3714 | Temple   | Became a worshipper of Gozag Ym Sagoz the Greedy
  4020 | D:5      | Slain by a killer bee

Illustrated notes

Levels and vault maps discovered:
D:1:      erik_arrival_blinker_ship, layout_basic, minmay_octomino_e4
D:2:      layout_basic
D:3:      layout_basic, portal_sewer_entry_c, kennysheep_nondescript
D:4:      layout_basic, minmay_temple_entry_butterflies, nicolae_wormholes,
          uniq_pargi
D:5:      layout_gridville, biasface_ghost_orc_armoury, uniq_prince_ribbit1
Temple:   compressed_dpeg_triangle_lava_temple

Skill      XL: |  1  2  3  4  5  6  7 |
---------------+----------------------+-----
Fighting       | 2 3 |  3.8
Long Blades    | 3 4 5 |  5.6
Spellcasting   | 1 2 3 |  3.1
Dodging        | 3 |  3.6
Throwing       | |  1.7

Action                     |  1- 3 |  4- 6 |  7- 9 || total
---------------------------+-------+-------+-------++-------
  Melee: Long sword        |    21 |       |       ||    21
         Bite              |    18 |    71 |    19 ||   108
         Short sword       |    64 |   247 |    73 ||   384
         Punch             |     1 |     4 |       ||     5
  Throw: Throwing net      |       |       |     2 ||     2
    Use: Scroll            |     4 |    10 |     3 ||    17
 Armour: Leather armour    |     2 |       |       ||     2
         Scale mail        |    29 |    59 |    35 ||   123
  Dodge: Dodged            |    45 |   117 |    29 ||   191
         Repelled          |       |       |     1 ||     1

Table legend: (Time is in decaauts)
 A = Elapsed time spent in this place.
 B = Non-inter-level travel time spent in this place.
 C = Inter-level travel time spent in this place.
 D = Time resting spent in this place.
 E = Time spent auto-exploring this place.
 F = Levels seen in this place.
 G = Mean time per level.
                   A        B        C        D        E       F      G
               +--------+--------+--------+--------+--------+-----+--------+
         Total |   4157 |   3933 |    224 |     43 |   2536 |   7 |  593.9 |
       Dungeon |   3234 |   3010 |    224 |     43 |   1971 |   5 |  646.8 |
        Temple |     18 |     18 |      0 |      0 |      0 |   1 |   18.0 |
         Sewer |    903 |    903 |      0 |      0 |    565 |   1 |  903.0 |
               +--------+--------+--------+--------+--------+-----+--------+

Top non-repeatable levels by time:
     D:3: 1054 daAuts
   Sewer: 903 daAuts
     D:4: 862 daAuts
     D:2: 658 daAuts
     D:1: 522 daAuts
     D:5: 137 daAuts
  Temple: 18 daAuts
